 Dungeon Sprint DCSS version 0.19.0-2-gae57169 (webtiles) character file.

453 LORDOFBUTT the Unseen (level 6, 0/45 HPs)
             Began as a Spriggan Assassin on Nov 2, 2016.
             Slain by a tyrant leech (17 damage)
             ... in the Dungeon (Sprint II: "The Violet Keep of Menkaure").
             The game lasted 00:01:30 (258 turns).

LORDOFBUTT the Unseen (Spriggan Assassin)            Turns: 258, Time: 00:01:30

Health: 0/45       AC:  3    Str: 12    XL:     6   Next: 75%
Magic:  7/7        EV: 17    Int: 13    God:
Gold:   486        SH:  0    Dex: 19    Spells: 0 memorised, 5 levels left

rFire  . . .     SeeInvis +     a - +2 dagger
rCold  . . .     Gourm    .     c - +0 robe
rNeg   . . .     Faith    .     (shield restricted)
rPois  .         Spirit   .     (helmet restricted)
rElec  .         Reflect  .     d - +0 cloak
rCorr  .         Harm     .     (gloves unavailable)
MR     +....     NoTele   +     (boots unavailable)
Stlth  ..........               (no amulet)
                                (no ring)
                                (no ring)

@: berserking, very quick
A: unfitting armour, see invisible, herbivore 3, speed 3, slow metabolism 2
a: no special abilities


You were in the Dungeon.
You were not hungry.

You visited 1 branch You collected 486 gold pieces.

Inventory:

Hand Weapons
 a - a +2 dagger (weapon)
 b - a +0 blowgun
Missiles
 e - 2 poisoned needles
Armour
 c - a +0 robe (worn)
 d - a +0 cloak (worn)
Scrolls
 m - a scroll of blinking
Potions
 h - a potion of curing
 i - a potion of heal wounds
 j - a potion of haste
 k - 2 potions of magic
Comestibles
 g - a bread ration


   Skills:
 - Level 1.5 Fighting
 - Level 2.1 Short Blades
 - Level 2.0 Throwing
 - Level 1.5 Dodging
 + Level 20.6 Stealth


You had 5 spell levels left.
You didn't know any spells.

Dungeon Overview and Level Annotations

Branches:
Dungeon (1/1)

Altars:

Shops:
D [(=?%=:!(}(


Innate Abilities, Weirdness & Mutations

You are very small and have problems with some larger weapons.
You are too small for most types of armour.
You have supernaturally acute eyesight. (SInv)
You are a herbivore.
You cover ground extremely quickly.
You need consume almost no food.


Message History

The tyrant leech misses you.
You hit the tyrant leech.
The tyrant leech is severely wounded.
You puncture the tyrant leech!
The tyrant leech is severely wounded.
The tyrant leech barely misses you.
You miss the tyrant leech.
The tyrant leech is severely wounded.
You puncture the tyrant leech!
The tyrant leech is almost dead.
The tyrant leech bites you!!
Ouch! That really hurt!
The tyrant leech draws strength from your injuries!
You hit the tyrant leech but do no damage.
The tyrant leech is almost dead.
The tyrant leech misses you.
You hit the tyrant leech but do no damage.
The tyrant leech is almost dead.
The tyrant leech bites you!
You die...

######≈ ..∩.∩#≈ ##
## .∩.∩.#≈ ##. .##
∩.∩..#≈ #.. ..#
.∩...#≈ ####.#$####
∩....#≈##.###(###.##
.∩...#≈#...##.##.†.#
+≈+##.'.w.'##$+
.∩.∩.#≈#.####@##.†.#
▓▓▓###≈##.###w###.##
######≈ ####.#(####
## #††#††# ###(###
#+#


You could see 2 tyrant leeches.

Vanquished Creatures
  4 necrophages (D)
  4 worker ants (D)
  3 worms (D)
11 creatures vanquished.

Vanquished Creatures (others)
  A crocodile (D)
1 creature vanquished.

Grand Total: 12 creatures vanquished

Notes
Turn   | Place    | Note
-------+----------+-------------------------------------------
     0 | D        | LORDOFBUTT the Spriggan Assassin began the quest for the Orb.
     0 | D        | Reached XP level 1. HP: 10/10 MP: 2/2
    10 | D        | Reached skill level 7 in Stealth
    24 | D        | Reached skill level 8 in Stealth
    86 | D        | Killed a crocodile
   134 | D        | Found Cimo's Gadget Emporium.
   135 | D        | Found Ynwaam's Jewellery Shoppe.
   135 | D        | Found Xanaagey's Food Emporium.
   135 | D        | Found Rableyma's Weapon Shoppe.
   135 | D        | Found Roph's Magic Scroll Shoppe.
   135 | D        | Found Hofud's Distillery.
   135 | D        | Found Zoth's Armour Emporium.
   135 | D        | Found Bine's Antique Weapon Shoppe.
   135 | D        | Found Jaho's Jewellery Emporium.
   135 | D        | Found Coehav's Antique Weapon Shoppe.
   135 | D        | Found Razosie's Book Emporium.
   137 | D        | Reached skill level 9 in Stealth
   137 | D        | Reached XP level 2. HP: 14/14 MP: 3/3
   156 | D        | Noticed a tyrant leech
   156 | D        | Noticed a tyrant leech
   162 | D        | Noticed a necrophage
   162 | D        | Noticed a necrophage
   162 | D        | Noticed a necrophage
   162 | D        | Noticed a necrophage
   165 | D        | Killed a necrophage
   165 | D        | Reached skill level 14 in Stealth
   165 | D        | Reached XP level 3. HP: 18/18 MP: 4/4
   165 | D        | Reached XP level 4. HP: 22/22 MP: 5/5
   166 | D        | Killed a necrophage
   166 | D        | Reached skill level 16 in Stealth
   166 | D        | Reached XP level 5. HP: 25/25 MP: 6/6
   170 | D        | Killed a necrophage
   170 | D        | Reached skill level 18 in Stealth
   170 | D        | Reached XP level 6. HP: 30/30 MP: 7/7
   181 | D        | Reached skill level 19 in Stealth
   203 | D        | Reached skill level 20 in Stealth
   258 | D        | Slain by a tyrant leech

Skill      XL: |  1  2  3  4  5  6 |
---------------+-------------------+-----
Stealth        | 9 14 16 18 20 | 20.6
Fighting       | |  1.5
Short Blades   | |  2.1
Throwing       | |  2.0
Dodging        | |  1.5

Action                   |  1- 3 |  4- 6 || total
-------------------------+-------+-------++-------
Melee: Dagger            |    17 |    27 ||    44
 Fire: Blowgun           |     2 |     8 ||    10
  Use: Potion            |       |     1 ||     1
 Stab: Sleeping          |     2 |     6 ||     8
Armor: Robe              |       |     1 ||     1
Dodge: Dodged            |     9 |    15 ||    24
